 Dungeon Crawl Stone Soup version 0.29.1-1-gd02db6906a (webtiles) character file.

Game seed: 10101365388221251914

293 LustLizard the Trooper (level 6, -1/48 HPs)
             Began as a Demonspawn Fighter on Oct 5, 2022.
             Killed by divine providence
             ... invoked by an orc priest
              (13 damage)
             ... on level 4 of the Dungeon.
             The game lasted 00:06:00 (5154 turns).

LustLizard the Trooper (Demonspawn Fighter)         Turns: 5154, Time: 00:06:01

Health: -1/48      AC: 15    Str: 16    XL:     6   Next: 11%
Magic:  15/15      EV: 10    Int: 10    God:
Gold:   132        SH:  4    Dex: 14    Spells: 5/5 levels left

rFire   . . .      SeeInvis .   d - +3 short sword (protect)
rCold   . . .      Faith    .   c - +0 buckler
rNeg    . . .      Spirit   .   s - +0 chain mail
rPois   .          Reflect  .   (helmet restricted)
rElec   .          Harm     .   (no cloak)
rCorr   .          Rampage  .   (no gloves)
Will    .....                   (no boots)
Stlth   ..........              (no amulet)
HPRegen 0.16/turn               i - ring of magical power
MPRegen 0.14/turn               v - +4 ring of evasion

@: under a protective aura
A: horns 1, ignite blood 2
a: no special abilities


You were on level 4 of the Dungeon.
You visited 1 branch of the dungeon, and saw 4 of its levels.

You collected 132 gold pieces.

Inventory:

Hand Weapons
 a - a +0 long sword
 d - a +3 short sword of protection (weapon)
Missiles
 e - 55 stones (quivered)
 n - 6 javelins
Armour
 b - a +0 scale mail
 c - a +0 buckler (worn)
 s - a +0 chain mail (worn)
Jewellery
 i - a ring of magical power (left hand)
 v - a +4 ring of evasion (right hand)
Scrolls
 g - a scroll of enchant armour {unknown}
 j - a scroll of teleportation {unknown}
 o - a scroll of vulnerability {unknown}
 p - a scroll of fog {unknown}
 q - a scroll of silence {unknown}
 r - a scroll of noise {unknown}
 u - a scroll of magic mapping {unknown}
Potions
 f - 2 potions of haste
 h - 2 potions of degeneration
 k - 3 potions of curing
 l - 2 potions of mutation
 m - a potion of brilliance
 t - a potion of invisibility


   Skills:
 + Level 4.0 Fighting
 * Level 4.0 Long Blades
 * Level 3.2 Throwing
 - Level 2.6 Armour
 - Level 2.6 Shields


You had 5 spell levels left.
You didn't know any spells.
Your spell library was empty.

Dungeon Overview and Level Annotations

Branches:
Dungeon (4/15)
 Temple: D:4-7

Altars:


Innate Abilities, Weirdness & Mutations

You have a pair of small horns on your head.
Your demonic aura often causes spilled blood to erupt in flames.


Message History

You hit the orc.
The orc is heavily wounded.
The orc hits you with a +0 flail.
* * * LOW HITPOINT WARNING * * *
You hit the orc.
You kill the orc!
You start resting.
HP restored.
Things that are here:
a +0 spear; a +0 robe; an orc skeleton An orc priest comes into view.
It is wielding a +0 war axe.
The orc priest shouts!
The orc priest mumbles some strange prayers to Beogh against you.
Beogh smites you!
You hear a shout!
You start resting.
An orc priest is nearby!
You hit the orc priest.
Your weapon exudes an aura of protection.
You headbutt the orc priest, but do no damage.
The orc priest is moderately wounded.
The orc priest invokes the aid of Beogh against you.
Beogh smites you!
You hit the orc priest but do no damage.
You headbutt the orc priest, but do no damage.
The orc priest is moderately wounded.
The orc priest mumbles some strange prayers to Beogh against you.
Beogh smites you!
* * * LOW HITPOINT WARNING * * *
You hit the orc priest.
The orc priest is heavily wounded.
The orc priest hits you with a +0 war axe.
* * * LOW HITPOINT WARNING * * *
Unknown command.
You hit the orc priest but do no damage.
You headbutt the orc priest.
The orc priest is heavily wounded.
The orc priest calls down the wrath of Beogh upon you.
Beogh smites you!
You die...

....# #.............
....## ##..#..†#.#.
#....# ##..####..#
##...# #...S .....
###..## #..### #..# #
#...# #....# ## #
##..## #....## #
#...####.....## ##
##...##...##.@#####..o
.#
#....#)..###.o.....#
## #....)).##
####.#### #.....).# ..
##......# #.# #.....##
# .......# .........
##.........


You could see an orc priest.

Vanquished Creatures
  2 hounds (D:4)
  A jelly (D:4)
  Terence (D:2)
  An orc wizard (D:4)
  4 gnolls
  3 adders
  3 dart slugs
  3 orcs (D:4)
  8 endoplasms
  5 giant cockroaches
  6 goblins
  8 hobgoblins
  4 jackals (D:1)
  5 kobolds
  4 quokkas
  8 ball pythons
  3 bats
  3 frilled lizards
  9 rats
81 creatures vanquished.

Notes
Turn   | Place    | Note
-------+----------+-------------------------------------------
     0 | D:1      | LustLizard the Demonspawn Fighter began the quest for the
                  | Orb.
     0 | D:1      | Reached XP level 1. HP: 18/18 MP: 1/1
   230 | D:1      | Gained mutation: Your demonic aura sometimes causes spilled
                  | blood to erupt in flames. [demonic ancestry]
   230 | D:1      | Reached XP level 2. HP: 11/24 MP: 2/2
   516 | D:1      | Reached skill level 1 in Throwing
   919 | D:1      | Reached XP level 3. HP: 22/29 MP: 3/3
  1675 | D:1      | Found a faded altar of an unknown god.
  1809 | D:2      | Noticed Terence
  1816 | D:2      | Killed Terence
  1817 | D:2      | Gained mutation: Your demonic aura often causes spilled
                  | blood to erupt in flames. [demonic ancestry]
  1817 | D:2      | Reached XP level 4. HP: 21/35 MP: 4/4
  2423 | D:2      | You fall into a shaft and drop 1 floor!
  2502 | D:3      | Identified the +2 robe of the Gloaming {rF+ Will+ Str+3}
  3650 | D:3      | Reached XP level 5. HP: 42/42 MP: 5/5
  4757 | D:4      | Noticed an ogre
  4892 | D:4      | Gained mutation: You have a pair of small horns on your
                  | head. [demonic ancestry]
  4892 | D:4      | Reached XP level 6. HP: 24/48 MP: 6/6
  5154 | D:4      | Killed from afar by an orc priest

Illustrated notes

Levels and vault maps discovered:
D:1:      dpeg_arrival_prison, layout_loops_ring,
          shapermc_ecumenical_altar_mp_vishouse
D:2:      layout_loops_corners, uniq_terence
D:3:      layout_basic
D:4:      layout_layer_cave, minmay_misc_feat_ornament,
          amcnicky_mini_rare_corridor_liquid, minmay_ruined_shrine,
          uniq_eustachio

Skill      XL: |  1  2  3  4  5 |
---------------+----------------+-----
Long Blades    | 2 3 4 |  4.0
Throwing       | 1 2 3 |  3.2
Fighting       | 4 |  4.0
Armour         | |  2.6
Shields        | |  2.6

Action                   |  1- 3 |  4- 6 || total
-------------------------+-------+-------++-------
Melee: Long sword        |   104 |       ||   104
       Short sword       |       |   159 ||   159
       Headbutt          |       |     3 ||     3
  Use: Potion            |     1 |       ||     1
       Scroll            |       |     6 ||     6
Armor: Scale mail        |    36 |    19 ||    55
       Chain mail        |       |    63 ||    63
Dodge: Dodged            |    31 |    66 ||    97
Block: Buckler           |    31 |    32 ||    63
